 Dungeon Crawl Stone Soup version 0.26.1-11-gd32895ea62 (webtiles) character file.

Game seed: 10392989119955527153

59 MajorAdolf the Skirmisher (level 4, -4/40 HPs)
             Began as a Naga Wanderer on June 17, 2021.
             Slain by a gnoll
             ... wielding a +3 vorpal spear
              (8 damage)
             ... on level 2 of the Dungeon.
             The game lasted 00:02:40 (2076 turns).

MajorAdolf the Skirmisher (Naga Wanderer)           Turns: 2076, Time: 00:02:40

Health: -4/40      AC:  7    Str: 14    XL:     4   Next: 3%
Magic:  4/4        EV:  0    Int: 12    God:
Gold:   89         SH:  7    Dex: 12    Spells: 3/3 levels left

rFire    . . .     SeeInvis +   a - +2 falchion
rCold    . . .     Faith    .   i - +0 kite shield
rNeg     . . .     Spirit   .   m - +0 plate armour
rPois    +         Reflect  .   (no helmet)
rElec    .         Harm     .   (no cloak)
rCorr    .         Rampage  .   (no gloves)
Will     .....                  (no barding)
Stlth    ..........             (no amulet)
HPRegen  0.13/turn              (no ring)
MPRegen  0.09/turn              (no ring)

@: very slow
A: large, see invisible, deformed body, poison resistance, slowness 2, spit
poison 1, AC +1
a: Spit Poison


You were on level 2 of the Dungeon.
You visited 1 branch of the dungeon, and saw 2 of its levels.

You collected 89 gold pieces.

Inventory:

Hand Weapons
 a - a +2 falchion (weapon)
 c - a +0 hand axe
Armour
 d - a +0 robe
 i - a +0 kite shield (worn)
 k - a +0 ring mail
 m - a +0 plate armour (worn)
Jewellery
 j - an uncursed ring of stealth {unknown}
 p - a cursed ring of attention {unknown}
Scrolls
 e - a scroll of amnesia {unknown}
 f - a scroll of remove curse {unknown}
 g - a scroll of random uselessness {unknown}
 l - a scroll of enchant weapon {unknown}
 o - a scroll of fear {unknown}
 q - a scroll of identify {unknown}
Potions
 b - a potion of lignification
 h - 2 potions of curing {unknown}
 n - a potion of heal wounds {unknown}


   Skills:
 + Level 2.4 Fighting
 + Level 1.2(1.8) Short Blades
 - Level 2.0(2.2) Long Blades
 + Level 2.2 Axes
 + Level 1.9 Armour
 + Level 0.8 Dodging
 - Level 1.5 Stealth
 + Level 0.6 Shields
 + Level 1.6 Evocations


You had 3 spell levels left.
You didn't know any spells.
Your spell library was empty.

Dungeon Overview and Level Annotations

Branches:
Dungeon (2/15)

Altars:


Innate Abilities, Weirdness & Mutations

You cannot wear boots.
Your serpentine skin is tough. (AC +1)
You have supernaturally acute eyesight. (SInv)
Armour fits poorly on your strangely shaped body.
Your system is resistant to poisons. (rPois)
You cover ground very slowly.
You can spit poison.


Message History

The gnoll hits you from afar with a +0 halberd.
The gnoll hits you from afar with a +0 halberd.
You have got your breath back.
The gnoll looks more healthy.
The gnoll hits you from afar with a +3 vorpal spear!
The gnoll hits you from afar with a +3 vorpal spear.
* * * LOW HITPOINT WARNING * * *
x2 The gnoll hits you but does no damage.
The gnoll hits you but does no damage.
There is an open door here.
You see here a hobgoblin corpse.
The gnoll hits you from afar with a +3 vorpal spear.
* * * LOW HITPOINT WARNING * * *
x2
Things that are here:
a +0 halberd; a gnoll skeleton The gnoll hits you from afar with a +3 vorpal spear.
* * * LOW HITPOINT WARNING * * *
x2
There is a stone staircase leading up, spattered with blood here.
The gnoll hits you from afar with a +3 vorpal spear!
You die...

#####.##########
...............#
.##......#####.#
.###...#.# #.#
...(..##.# #.#
.####.##g# #)#
.####.##g# #.#
.........#####.####
####...####..gg.@.#
##....g###.##.##.#
#......g##.##..#.#
#.........#.##(...#
'.........'.......#
#.........#.......#
##.......######.###
##.....## #.#
##...## #.#


You could see 2 gnolls.

Vanquished Creatures
  2 gnolls
  A dart slug (D:1)
  3 bats (D:1)
  2 giant cockroaches (D:1)
  7 goblins (D:1)
  6 hobgoblins
  3 jackals (D:1)
  5 kobolds
  7 rats (D:1)
36 creatures vanquished.

Notes
Turn   | Place    | Note
-------+----------+-------------------------------------------
     0 | D:1      | MajorAdolf the Naga Wanderer began the quest for the Orb.
     0 | D:1      | MajorAdolf set off with the following items: a +2 falchion,
                  | a potion of lignification, a +0 hand axe, a +0 robe
     0 | D:1      | Reached XP level 1. HP: 19/19 MP: 1/1
   300 | D:1      | Reached XP level 2. HP: 26/26 MP: 2/2
   710 | D:1      | Reached XP level 3. HP: 32/32 MP: 3/3
   788 | D:1      | Reached skill level 1 in Short Blades
  1765 | D:2      | Reached XP level 4. HP: 11/40 MP: 4/4
  2076 | D:2      | Slain by a gnoll

Illustrated notes

Levels and vault maps discovered:
D:1:      co_arrival_random_square_maze, layout_loops_ring, minmay_cut_off
D:2:      minmay_roachtagon, layout_loops_corners, serial_forest,
          infiniplex_forest_lined_room_2, infiniplex_forest_clump_small,
          infiniplex_forest_clump_tiny, infiniplex_forest_lined_room_,
          infiniplex_forest_straight_3, infiniplex_forest_lined_4_way,
          infiniplex_forest_end_2, minmay_misc_feat_roman, uniq_sigmund

Skill      XL: |  1  2  3 |
---------------+----------+-----
Short Blades   | 1 |  1.2
Fighting       | |  2.4
Long Blades    | |  2.0
Axes           | |  2.2
Armour         | |  1.9
Dodging        | |  0.8
Stealth        | |  1.5
Shields        | |  0.6
Evocations     | |  1.6

Action                   |  1- 3 |  4- 6 || total
-------------------------+-------+-------++-------
Melee: Falchion          |    68 |     6 ||    74
 Abil: Spit Poison       |     4 |     2 ||     6
 Stab: Sleeping          |     1 |       ||     1
Armor: Robe              |     7 |       ||     7
       Plate armour      |     7 |     3 ||    10
       Ring mail         |     1 |       ||     1
Dodge: Dodged            |    27 |       ||    27
Block: Kite shield       |    16 |     1 ||    17
       Rpst.: Falchion   |    13 |       ||    13
